AoeStats
← General Disarray

Arabia

509427800Analyzed
1v1 RM · 7d ago on Sep 26, 2026· 36m 37s· 2 players
Game mode
Random Map
Map size
Tiny (2 player)
Population
200
Speed
Normal
Resources
Standard
Victory
Conquest
Starting age
Dark Age
Ending age
Imperial Age
RankedLock teamsTeams togetherTeam positionsShared explorationLock speedFull tech treeHidden civsTurbo modeCheats
Victory
Defeat
🇬🇧 Sicilians · United Kingdom
763
+37
🇬🇧 Romans · United Kingdom
761
-29
DavidBadeale1973
4:59 Loom
10:20 Feudal Age
12:12 Man-at-Arms
18:45 Scale Mail Armor
23:03 Castle Age
29:45 Murder Holes
35:27 Long Swordsman
36:12 Gold Mining
36:13 Stone Mining
36:06 Horse Collar
General Disarray
5:31 Loom
10:56 Feudal Age
12:41 Horse Collar
13:08 Double-Bit Axe
17:27 Wheelbarrow
18:23 Fletching
19:10 Forging
19:30 Town Watch
29:02 Castle Age
28:28 Scale Mail Armor
31:53 Hand Cart
31:38 Bodkin Arrow
32:19 Iron Casting
32:00 Chain Mail Armor
37:06 Town Patrol
Connection lost

Rejoining the realm…

Still unreachable

The connection could not be restored.

Session expired

The server has moved on; the page needs a fresh start.